 Dungeon Crawl Stone Soup version 0.28-a0-1334-g1c9ffb4daf (webtiles) character file.

Game seed: 2522517322635567230

474 GordonOverkill the Chopper (level 6, 0/57 HPs)
             Began as a Minotaur Cinder Acolyte on Dec 28, 2021.
             Was a High Priest of Ignis.
             Killed from afar by a vampire (18 damage)
             ... with a bolt of acid
             ... on level 6 of the Dungeon.
             The game lasted 00:05:17 (4221 turns).

GordonOverkill the Chopper (MiCA)                   Turns: 4221, Time: 00:05:18

Health: 0/57       AC:  6    Str: 20    XL:     6   Next: 84%
Magic:  6/6        EV: 10    Int: 11    God:    Ignis [*****.]
Gold:   201        SH:  5    Dex:  6    Spells: 7/7 levels left

rFire   + + .      SeeInvis .   e - +1 flail (protect)
rCold   . . .      Faith    .   (no shield)
rNeg    . . .      Spirit   .   b - +1 ring mail {rF+}
rPois   .          Reflect  +   (helmet restricted)
rElec   .          Harm     .   (no cloak)
rCorr   .          Rampage  .   (no gloves)
Will    .....                   (no boots)
Stlth   ..........              f - amulet of reflection
HPRegen 0.19/turn               (no ring)
MPRegen 0.10/turn               (no ring)

@: no status effects
A: horns 2, retaliatory headbutt
a: Renounce Religion, Fiery Armour, Foxfire Swarm, Rising Flame


You were on level 6 of the Dungeon.
You worshipped Ignis.
Ignis was extremely pleased with you.
You visited 1 branch of the dungeon, and saw 5 of its levels.

You collected 201 gold pieces.

Inventory:

Hand Weapons
 a - a -1 hand axe of flaming
 e - a +1 flail of protection (weapon)
 i - a +0 war axe
Missiles
 j - 2 boomerangs (quivered)
Armour
 b - a +1 ring mail of fire resistance (worn)
 m - a +0 chain mail
Jewellery
 c - a ring of ice
 f - an amulet of reflection (around neck)
Wands
 h - a wand of charming (4)
Scrolls
 l - a scroll of amnesia
Potions
 d - a potion of ambrosia {unknown}
 g - 3 potions of haste
 k - a potion of berserk rage {unknown}
 q - a potion of curing {unknown}


   Skills:
 + Level 5.9 Fighting
 * Level 7.6 Axes
 + Level 2.0 Throwing
 - Level 1.0 Spellcasting
 - Level 2.1 Fire Magic


You had 7 spell levels left.
You didn't know any spells.
Your spell library contained the following spells:

 Spells                   Type           Power      Damage    Failure   Level
 Scorch                   Fire           10%        2d5       34%         2
 Summon Small Mammal      Summ           0%         N/A       50%         1
 Ensorcelled Hibernation  Hex/Ice        0%         N/A       63%         2
 Call Canine Familiar     Summ           0%         N/A       86%         3
 Summon Guardian Golem    Hex/Summ       0%         N/A       86%         3
 Tukima's Dance           Hex            0%         N/A       86%         3
 Enfeeble                 Hex            0%         N/A       100%        7


Dungeon Overview and Level Annotations

Branches:
Dungeon (4/15)
 Temple: D:4-7

Altars:


Innate Abilities, Weirdness & Mutations

You have a pair of horns on your head.
You reflexively headbutt those who attack you in melee.


Message History

The gnoll hits you from afar with a +0 spear.
You are too injured to fight recklessly!
There is an open door here.
The gnoll shaman hits you with a +0 club!
* * * LOW HITPOINT WARNING * * *
You are no longer glowing.
Found a leather armour.
You sock the gnoll shaman!
Your weapon exudes an aura of protection.
The gnoll shaman is heavily wounded.
You block the gnoll shaman's attack.
You closely miss the gnoll shaman.
The gnoll shaman is heavily wounded.
The gnoll shaman utters an invocation to its god.
The gnoll shaman is healed somewhat.
The gnoll hits you from afar with a +0 spear.
* * * LOW HITPOINT WARNING * * *
The gnoll shaman calls upon its god to speed up the gnoll.
The gnoll seems to speed up.
The gnoll shaman mumbles some strange prayers to its god against you.
You are outlined in light.
You see here a +0 leather armour.
The gnoll misses you. The gnoll hits you but does no damage.
The gnoll hits you but does no damage.
The gnoll hits you from afar with a +0 spear.
* * * LOW HITPOINT WARNING * * *
The gnoll hits you from afar with a +0 spear.
* * * LOW HITPOINT WARNING * * *
You open the door.
A vampire comes into view. It is carrying a wand of acid (5).
The gnoll hits you from afar with a +0 spear.
* * * LOW HITPOINT WARNING * * *
You are no longer glowing.
The vampire hits you.
* * * LOW HITPOINT WARNING * * *
The vampire closely misses you. The gnoll barely misses you.
There is an open door, spattered with blood here.
The vampire zaps a wand.
The bolt of acid hits you!!
You die...

# # # # Z#.# .
######## ..# ##
#..(...# ..# g#
#######......# .>.
.# #.gg.g'V.....###
##.## g#
#.#####@.....#..
...# .# #...#
#......#.# #..#
g#.##### ###g#
.........####..#
...#...#
#g#.##.#####.......#
.###.#.# #.#. .#
#.#####.# .....#.#
#.# .# #.# ...
####.#.#####.# .#
#.# ####
####.#g......# .#
#.# ...[.........#
#.#


You could see a vampire, a gnoll shaman and 2 gnolls.

Vanquished Creatures
  A hornet zombie (D:6)
  A wyvern skeleton (D:6)
  Natasha (thrice) (D:3)
  Jessica (D:3)
  2 iguanas (D:3)
  Ijyb (D:3)
  An orc wizard (D:3)
  A gnoll (D:6)
  4 adders
  An ufetubus (D:4)
  2 worms (D:2)
  A dart slug (D:4)
  15 orcs
  6 endoplasms
  A goblin (D:2)
  5 hobgoblins
  3 ball pythons
  3 bats
  2 frilled lizards
  4 kobolds
  2 rats
60 creatures vanquished.

Vanquished Creatures (others)
  8 foxfires (D:3)
8 creatures vanquished.

Grand Total: 68 creatures vanquished

Notes
Turn   | Place    | Note
-------+----------+-------------------------------------------
     0 | D:1      | GordonOverkill the Minotaur Cinder Acolyte began the quest
                  | for the Orb.
     0 | D:1      | Reached XP level 1. HP: 19/19 MP: 1/1
   206 | D:1      | Found a faded altar of an unknown god.
   353 | D:1      | Reached skill level 4 in Axes
   572 | D:2      | Reached XP level 2. HP: 12/27 MP: 2/2
  1005 | D:2      | Reached XP level 3. HP: 26/33 MP: 3/3
  1621 | D:3      | Reached skill level 5 in Axes
  1938 | D:3      | Noticed Ijyb
  1975 | D:3      | Killed Ijyb
  1976 | D:3      | Reached XP level 4. HP: 14/41 MP: 4/4
  2232 | D:3      | Noticed Jessica
  2243 | D:3      | Killed Jessica
  2281 | D:3      | Reached skill level 6 in Axes
  2281 | D:3      | Reached XP level 5. HP: 41/47 MP: 5/5
  2283 | D:3      | Reached skill level 5 in Fighting
  2358 | D:3      | Noticed Natasha
  2369 | D:3      | Killed Natasha
  2700 | D:3      | Noticed Natasha
  2706 | D:3      | Killed Natasha
  3133 | D:3      | Noticed Natasha
  3140 | D:3      | Killed Natasha
  3141 | D:3      | Reached skill level 1 in Throwing
  3293 | D:4      | Reached XP level 6. HP: 42/56 MP: 6/6
  3930 | D:4      | You fall into a shaft and drop 2 floors!
  3946 | D:6      | Reached skill level 7 in Axes
  4219 | D:6      | Noticed a vampire
  4221 | D:6      | Killed from afar by a vampire

Illustrated notes

Levels and vault maps discovered:
D:1:      ncdulo_watergridlock, layout_rooms,
          shapermc_ecumenical_altar_mp_vishouse,
          nicolae_concentric_dashed_squares_wild
D:2:      layout_loops_ring
D:3:      layout_loops_ring, uniq_jessica, uniq_ijyb, uniq_natasha
D:4:      layout_layer_cave, nrook_mini_vaults, chequers_hall_statues_corner_a,
          kennysheep_generic_room_13
D:6:      layout_basic, lightli_minifort

Skill      XL: |  1  2  3  4  5  6 |
---------------+-------------------+-----
Axes           | 4 5 6 7 |  7.6
Fighting       | 4 5 |  5.9
Throwing       | 1 2 |  2.0
Spellcasting   | |  1.0
Fire Magic     | |  2.1

Action                   |  1- 3 |  4- 6 || total
-------------------------+-------+-------++-------
Melee: Hand axe          |    79 |   113 ||   192
       Headbutt          |     7 |    15 ||    22
       Flail             |       |     6 ||     6
Throw: Boomerang         |       |     1 ||     1
Invok: Foxfire Swarm     |     1 |       ||     1
       Fiery Armour      |       |     1 ||     1
  Use: Scroll            |       |     5 ||     5
Armor: Robe              |     2 |       ||     2
       Ring mail         |     6 |    34 ||    40
Dodge: Dodged            |    38 |    51 ||    89
Block: Other             |     7 |    23 ||    30

Table legend: (Time is in decaauts)
 A = Elapsed time spent in this place.
 B = Non-inter-level travel time spent in this place.
 C = Inter-level travel time spent in this place.
 D = Time resting spent in this place.
 E = Time spent auto-exploring this place.
 F = Levels seen in this place.
 G = Mean time per level.
                   A        B        C        D        E       F      G
               +--------+--------+--------+--------+--------+-----+--------+
         Total |   4234 |   4157 |     77 |   1267 |   2279 |   5 |  846.8 |
       Dungeon |   4234 |   4157 |     77 |   1267 |   2279 |   5 |  846.8 |
               +--------+--------+--------+--------+--------+-----+--------+

Top non-repeatable levels by time:
     D:3: 1676 daAuts
     D:2: 1076 daAuts
     D:4: 653 daAuts
     D:1: 538 daAuts
     D:6: 290 daAuts
